 Dungeon Crawl Stone Soup version 0.30-a0-743-gbfdf073431 (webtiles) character file.

Game seed: 1689886173856825225

724 DeathSun the Basher (level 7, -3/41 HPs)
             Began as a Gargoyle Monk on Feb 6, 2023.
             Slain by Pikel
             ... wielding a +2 whip of electrocution
              (12 damage)
             ... on level 5 of the Dungeon.
             The game lasted 00:07:44 (3679 turns).

DeathSun the Basher (Gargoyle Monk)                 Turns: 3679, Time: 00:07:44

Health: -3/41      AC: 11    Str: 17    XL:     7   Next: 71%
Magic:  7/7        EV: 10    Int: 10    God:
Gold:   241        SH:  0    Dex: 12    Spells: 6/6 levels left

rFire   . . .      SeeInvis .    a - +0 mace
rCold   . . .      Faith    .    (no shield)
rNeg    + . .      Spirit   .    o - +0 scale mail
rPois   ∞          Reflect  .    (no helmet)
rElec   +          Harm     .    (no cloak)
rCorr   .          Rampage  .    (no gloves)
Will    .....                    l - +0 pair of boots Stlth
                                 (no amulet)
HPRegen 0.26/turn                (no ring)
MPRegen 0.10/turn                (no ring)

@: confused, ambrosia-drunk
A: sickness immunity, AC +4, negative energy resistance 1, electricity
resistance, torment resistance 1, petrification resistance
a: no special abilities


You were on level 5 of the Dungeon.
You visited 1 branch of the dungeon, and saw 5 of its levels.

You collected 241 gold pieces.

Inventory:

Hand Weapons
 a - a +0 mace (weapon)
Armour
 b - a +0 robe
 l - a +0 pair of boots (worn)
 o - a +0 scale mail (worn)
Wands
 i - a wand of iceblast (6)
Scrolls
 d - 4 scrolls of identify {unknown}
 f - 2 scrolls of teleportation {unknown}
 g - 5 scrolls of blinking {unknown}
 h - a scroll of immolation {unknown}
 j - a scroll of brand weapon {unknown}
 m - a scroll of torment {unknown}
 q - 2 scrolls of noise {unknown}
 r - a scroll of amnesia {unknown}
 u - 2 scrolls of enchant armour {unknown}
Potions
 c - 2 potions of ambrosia
 e - 3 potions of heal wounds {unknown}
 k - a potion of lignification {unknown}
 n - a potion of curing {unknown}
 t - 2 potions of brilliance {unknown}


   Skills:
 - Level 3.2 Fighting
 * Level 8.8 Maces & Flails
 - Level 2.4 Dodging
 - Level 2.1 Stealth


You had 6 spell levels left.
You didn't know any spells.
Your spell library contained the following spells:

 Spells                   Type           Power      Damage    Failure   Level
 Beastly Appendage        Tmut           0%         N/A       80%         1
 Shock                    Conj/Air       0%         1d3       80%         1
 Wereblood                Tmut           0%         N/A       91%         2
 Spider Form              Tmut/Pois      0%         N/A       99%         3
 Swiftness                Air            0%         N/A       99%         3
 Airstrike                Air            0%         2d(0-16)  100%        4


Dungeon Overview and Level Annotations

Branches:
Dungeon (5/15)
 Temple: D:4-7

Altars:
Cheibriados
Sif Muna
Yredelemnul
The Shining One

Shops:
D:3 *

Annotations:
D:5 Pikel


Innate Abilities, Weirdness & Mutations

You are immune to sickness and miasma.
Your stone body is resilient. (AC +4)
You are immune to poison.
You resist negative energy. (rN+)
You are resistant to electric shocks. (rElec)
You are resistant to unholy torment.
You are immune to petrification.


Message History

The lemure attacks as you move away! The lemure hits you.
You barely miss the lemure.
The lemure is moderately wounded.
The lemure hits you.
You sock the lemure!
The lemure is heavily wounded.
You hit Pikel.
Pikel is lightly wounded.
Throw: dart (poison)
Press: ? - help, Q - select action, (/) - cycle Shift-Dir - straight line, f/p - lemure
Aim: a lemure (heavily wounded, 50% to hit)
You throw a poisoned dart. The poisoned dart hits Pikel.
Pikel is lightly wounded.
Pikel drinks a potion.
Pikel goes berserk!
Pikel misses you. Pikel barely misses you. Pikel attacks as you move away!
Pikel hits you with a +2 whip of electrocution!
You hear a shout!
Pikel barely misses you. Pikel attacks as you move away!
Pikel hits you with a +2 whip of electrocution.
You are confused.
You feel invigorated.
Pikel hits you with a +2 whip of electrocution.
Pikel hits you but does no damage.
You miss the lemure.
The lemure is heavily wounded.
Pikel hits you with a +2 whip of electrocution.
The lemure hits you but does no damage.
You miss Pikel.
Pikel is lightly wounded.
Pikel hits you with a +2 whip of electrocution!
* * * LOW HITPOINT WARNING * * *
The lemure hits you but does no damage.
Pikel hits you with a +2 whip of electrocution.
* * * LOW HITPOINT WARNING * * *
You bump into the rock wall.
Pikel hits you with a +2 whip of electrocution!
You die...

....#####..#_#..#
....# #..#'#..#
....# #......####
....# #<#.......#
....# #.#.......#
#####
#.#.#########
..#.#..(K....
###.#5######
#...#.#K@..#
#...#..5##.#
###.######.#
#.....# #.#
#####.###.#
#.....# #######


You could see Pikel (berserk) and a lemure.

Vanquished Creatures
  An ice beast (D:4)
  A phantom (D:3)
  A lemure (D:5)
  A necrophage (D:3)
  3 scorpions (D:4)
  3 hounds
  2 iguanas
  Ijyb (D:3)
  4 gnolls
  5 adders
  An ufetubus (D:3)
  A worm (D:4)
  4 orcs
  8 ball pythons
  4 endoplasms
  2 giant cockroaches (D:4)
  3 goblins
  4 hobgoblins
  3 jackals (D:1)
  3 kobolds
  4 quokkas
  4 bats
  4 frilled lizards
  4 rats
71 creatures vanquished.

Notes
Turn   | Place    | Note
-------+----------+-------------------------------------------
     0 | D:1      | DeathSun the Gargoyle Monk began the quest for the Orb.
     0 | D:1      | Reached XP level 1. HP: 14/14 MP: 1/1
   271 | D:1      | Reached XP level 2. HP: 18/19 MP: 2/2
  1102 | D:2      | Reached skill level 4 in Maces & Flails
  1186 | D:2      | Reached XP level 3. HP: 19/23 MP: 3/3
  1587 | D:2      | Reached XP level 4. HP: 27/28 MP: 4/4
  1646 | D:3      | Noticed Ijyb
  1659 | D:3      | Killed Ijyb
  1660 | D:3      | Reached skill level 5 in Maces & Flails
  1911 | D:3      | Found Temue's Assorted Antiques.
  1997 | D:3      | Reached XP level 5. HP: 32/32 MP: 5/5
  1998 | D:3      | Found a shimmering blue altar of Sif Muna.
  2339 | D:4      | Found a snail-covered altar of Cheibriados.
  2377 | D:4      | Reached skill level 6 in Maces & Flails
  2414 | D:4      | Noticed a phantom
  2537 | D:4      | Reached XP level 6. HP: 37/37 MP: 6/6
  2547 | D:5      | Entered Level 5 of the Dungeon
  2557 | D:5      | Found a basalt altar of Yredelemnul.
  2617 | D:3      | Reached skill level 7 in Maces & Flails
  2658 | D:3      | Reached XP level 7. HP: 14/41 MP: 7/7
  2874 | D:4      | Found a glowing golden altar of the Shining One.
  3005 | D:4      | Reached skill level 8 in Maces & Flails
  3661 | D:5      | Noticed Pikel
  3679 | D:5      | Slain by Pikel

Illustrated notes

Levels and vault maps discovered:
D:1:      nzn_arrival_crosshair, layout_basic
D:2:      layout_loops_ring, minmay_pentomino_z2
D:3:      layout_basic, mainiacjoe_overflow_surrounded_room, serial_shops,
          nicolae_shop_stone, eino_curves_02, minmay_tree_intersection,
          minmay_hedge_maze, uniq_ijyb
D:4:      layout_rooms, mainiacjoe_overflow_six_doors_small, kennysheep_mini,
          grunt_decor_arrowhead, kennysheep_generic_room_6
D:5:      layout_basic, nicolae_qazlal_general_emergency, kennysheep_mini_moat,
          uniq_pikel

Skill      XL: |  1  2  3  4  5  6  7 |
---------------+----------------------+-----
Maces & Flails | 4 5 6 7 8 |  8.8
Fighting       | |  3.2
Dodging        | |  2.4
Stealth        | |  2.1

Action                     |  1- 3 |  4- 6 |  7- 9 || total
---------------------------+-------+-------+-------++-------
  Melee: Mace              |    94 |   174 |    85 ||   353
         Punch             |     1 |     4 |       ||     5
  Throw: Dart              |     1 |    14 |     9 ||    24
    Use: Potion            |       |       |     1 ||     1
   Stab: Sleeping          |     5 |       |       ||     5
 Armour: Robe              |    30 |       |       ||    30
         Scale mail        |     5 |   102 |    36 ||   143
  Dodge: Dodged            |    77 |   100 |    34 ||   211

Table legend: (Time is in decaauts)
 A = Elapsed time spent in this place.
 B = Non-inter-level travel time spent in this place.
 C = Inter-level travel time spent in this place.
 D = Time resting spent in this place.
 E = Time spent auto-exploring this place.
 F = Levels seen in this place.
 G = Mean time per level.
                   A        B        C        D        E       F      G
               +--------+--------+--------+--------+--------+-----+--------+
         Total |   3722 |   3498 |    224 |      0 |   2551 |   5 |  744.4 |
       Dungeon |   3722 |   3498 |    224 |      0 |   2551 |   5 |  744.4 |
               +--------+--------+--------+--------+--------+-----+--------+

Top non-repeatable levels by time:
     D:3: 1123 daAuts
     D:4: 905 daAuts
     D:2: 772 daAuts
     D:1: 692 daAuts
     D:5: 228 daAuts
